 Dungeon Crawl Stone Soup version 0.17.0-23-g0de4337 (webtiles) character file.

97 HaroldButt the Slasher (level 4, 0/33 HPs)
             Began as a Mummy Gladiator on Nov 14, 2015.
             Slain by a kobold
             ... wielding a +0 whip
              (4 damage)
             ... on level 2 of the Dungeon.
             The game lasted 00:04:09 (1480 turns).

HaroldButt the Slasher (Mummy Gladiator)            Turns: 1480, Time: 00:04:10

Health: 0/33       AC:  4    Str: 18    XL:     4   Next: 42%
Magic:  4/4        EV: 12    Int:  7    God:
Gold:   62         SH:  0    Dex: 13    Spells: 0 memorised, 3 levels left

rFire  x . .     SeeInvis .     a - +0 long sword
rCold  + . .     Clarity  .     b - +0 leather armour
rNeg   + + +     SustAt   .     (no shield)
rPois  ∞         Gourm    .     c - +0 helmet
rElec  .         Spirit   .     (no cloak)
rCorr  .         Warding  .     (no gloves)
rMut   .         Stasis   .     (no boots)
MR     .....                    (no amulet)
Stlth  +.........               (no ring)
                                (no ring)

@: not resistant to hostile enchantments, very unstealthy
A: no food or potions, fire vulnerability, cold resistance 1, negative energy
resistance 3, torment resistance, unbreathing
a: no special abilities


You were on level 2 of the Dungeon.
You were not hungry.

You visited 1 branch of the dungeon, and saw 2 of its levels.

You collected 62 gold pieces.

Inventory:

Hand Weapons
 a - a +0 long sword (weapon)
Missiles
 d - 3 throwing nets (quivered)
 e - 45 stones
 i - 3 poisoned needles
Armour
 b - a +0 leather armour (worn)
 c - a +0 helmet (worn)
Scrolls
 f - 2 scrolls of remove curse
 g - a scroll of identify {unknown}
 h - a scroll of noise {unknown}
 j - a scroll of teleportation {unknown}


   Skills:
 - Level 2.0 Fighting
 + Level 4.3 Long Blades
 - Level 1.5 Throwing
 - Level 2.4 Dodging


You had 3 spell levels left.
You didn't know any spells.

Dungeon Overview and Level Annotations

Branches:
Dungeon (2/15)

Altars:


Innate Abilities, Weirdness & Mutations

You do not eat or drink.
Your flesh is vulnerable to fire.
You are immune to poison.
Your flesh is cold resistant.
You are immune to negative energy.
You are immune to unholy pain and torment.
You can survive without breathing.


Message History

You hit the rat.
You kill the rat!
The gnoll closely misses you.
A kobold comes into view. It is wielding a whip.
The kobold shouts!
The gnoll hits you from afar with a spear.
The gnoll barely misses you.
You slash the gnoll!
The gnoll is severely wounded.
The kobold hits you but does no damage. The gnoll hits you with a spear!
* * * LOW HITPOINT WARNING * * *
You hit the gnoll.
The gnoll is almost dead.
The kobold closely misses you. The gnoll closely misses you.
You hit the gnoll.
You kill the gnoll!
The kobold barely misses you. The kobold hits you but does no damage.
You hit the kobold but do no damage. The kobold barely misses you.
You hit the kobold but do no damage. The kobold hits you with a whip.
You die...

#...........# #.# #.gg.....
#.......###.# #†# #......#.
#.......###.# #.# #..<...#
#...........# #.# #......#
#.......##### #.# #.....!#
#......!### #######.###......##
##......... .........†........#
##.#################.###########
#.#....<..#..)@K....# #.
#.#...#.#.#.##################†
#.#...#.#.#...g................
#†#.....#!#####################
#.#.#.###.# #.#....)#.#
#.#######.# #.........#
###########


You could see a kobold.

Vanquished Creatures
  2 adders (D:2)
  4 gnolls (D:2)
  An ooze (D:2)
  3 goblins
  A hobgoblin (D:2)
  A ball python (D:2)
  4 bats
  3 giant cockroaches
  A giant gecko (D:1)
  2 giant newts
  6 jackals (D:1)
  4 kobolds
  7 rats
39 creatures vanquished.

Notes
Turn   | Place    | Note
--------------------------------------------------------------
     0 | D:1      | HaroldButt the Mummy Gladiator began the quest for the Orb.
     0 | D:1      | Reached XP level 1. HP: 16/16 MP: 1/1
   386 | D:1      | Reached XP level 2. HP: 22/22 MP: 2/2
   543 | D:1      | Reached skill level 3 in Long Blades
   931 | D:2      | Reached XP level 3. HP: 24/27 MP: 3/3
   976 | D:2      | Reached skill level 4 in Long Blades
  1137 | D:1      | Reached XP level 4. HP: 24/33 MP: 4/4
  1480 | D:2      | Slain by a kobold

Action                   |  1- 3 |  4- 6 || total
-------------------------+-------+-------++-------
Melee: Long sword        |    95 |    37 ||   132
  Use: Scroll            |     1 |       ||     1
